 Dungeon Crawl Stone Soup version 0.20.0-8-g6b59dc7 (webtiles) character file.

179195 RKaid the Unseen (level 17, -1/84 HPs)
             Began as a Spriggan Enchanter on June 1, 2017.
             Was a High Priest of Sif Muna.
             Slain by a sixfirhy (12 damage)
             ... summoned by an orc high priest
             ... on level 2 of the Orcish Mines.
             The game lasted 02:49:11 (37030 turns).

RKaid the Unseen (Spriggan Enchanter)              Turns: 37030, Time: 02:49:11

Health: -1/84      AC:  5    Str:  4    XL:     17   Next: 60%
Magic:  13/41      EV: 33    Int: 29    God:    Sif Muna [*****.]
Gold:   2279       SH:  0    Dex: 16    Spells: 3/36 levels left

rFire    . . .     SeeInvis +   a - +4 quick blade
rCold    . . .     Gourm    .   (shield restricted)
rNeg     + . .     Faith    .   L - +1 robe {Archmagi}
rPois    .         Spirit   .   (helmet restricted)
rElec    .         Reflect  .   Q - +1 cloak of Dim Light {rCorr}
rCorr    +         Harm     .   (gloves unavailable)
MR       ++...                  (boots unavailable)
Stlth    +++++++...             H - amulet of Wurchisu {+Fly rN+ Regen+}
Regen    1.7/turn               h - +5 ring of intelligence
MPRegen  0.3/turn               p - ring of magical power {MP+9}

@: regenerating, divine energy, very quick
A: unfitting armour, see invisible, herbivore 3, speed 3, slow metabolism 2
a: Stop Divine Energy, Channel Magic, Forget Spell, Renounce Religion, Evoke
Flight


You were on level 2 of the Orcish Mines.
You worshipped Sif Muna.
Sif Muna was extremely pleased with you.
You were very hungry.

You visited 4 branches of the dungeon, and saw 24 of its levels.
You also visited: Labyrinth, Sewer and Ice Cave.

You collected 2324 gold pieces.
You spent 45 gold pieces at shops.

Inventory:

Hand Weapons
 a - a +4 quick blade (weapon)
   (You acquired it on level 9 of the Dungeon)
 c - the +1 hand crossbow "Hydrabane" {freeze, MR+ Dex+4 SInv Stlth+}
   (You took it off a minotaur in a labyrinth)

   It causes projectiles fired from it to freeze those they strike, causing
   extra injury to most foes and up to half again as much damage against
   particularly susceptible opponents.
   They can also slow down cold-blooded creatures.
   It affects your dexterity (+4).
   It affects your resistance to hostile enchantments.
   It lets you see invisible.
   It makes you more stealthy.
 w - the +8 war axe of the Endless Expanse {flame, rElec}
   (You found it on level 3 of the Lair of Beasts)

   It has been specially enchanted to burn those struck by it, causing extra
   injury to most foes and up to half again as much damage against particularly
   susceptible opponents.
   Big, fiery blades are also staple armaments of hydra-hunters.
   It insulates you from electricity.
 B - a +0 quick blade of freezing
   (You found it in an ice cave)
Missiles
 T - 3 throwing nets (quivered) {=f}
Armour
 L - a +1 robe of the Archmagi (worn)
   (You took it off a wight on level 10 of the Dungeon)
 Q - the +1 cloak of Dim Light (worn) {rCorr}
   (You found it on level 2 of the Lair of Beasts)

   It protects you from acid and corrosion.
 S - a scarf of cloud immunity
   (You found it on level 13 of the Dungeon)
Magical Staves
 b - an uncursed staff of wizardry {wiz+, !a}
   (You found it on level 1 of the Lair of Beasts)
Jewellery
 h - a +5 ring of intelligence (left hand)
   (You took it off a hobgoblin on level 1 of the Dungeon)
 p - a ring of magical power (right hand) {MP+9}
   (You found it on level 2 of the Dungeon)
 G - an uncursed ring of protection from magic {MR+}
   (You found it in a labyrinth)
 H - the amulet of Wurchisu (around neck) {+Fly rN+ Regen+}
   (You found it in an ice cave)

   [amulet of regeneration]

   It protects you from negative energy.
   It lets you fly.
   It increases your rate of regeneration.
 M - an uncursed ring of protection from fire {rF+}
   (You found it on level 10 of the Dungeon)
 U - an uncursed amulet of magic regeneration {+MPregen}
   (You found it on level 4 of the Lair of Beasts)
Wands
 g - a wand of iceblast (6/15)
   (You found it on level 15 of the Dungeon)
 A - a wand of acid (13/15)
   (You found it on level 5 of the Lair of Beasts)
 C - a wand of polymorph (9/24)
   (You found it on level 7 of the Dungeon)
 D - a wand of digging (10/24)
   (You found it on level 3 of the Lair of Beasts)
 F - a wand of flame (22/48)
   (You found it on level 9 of the Dungeon)
 O - a wand of disintegration (9/24)
   (You found it on level 2 of the Lair of Beasts)
 Z - a wand of lightning (3/15)
   (You found it on level 5 of the Lair of Beasts)
Scrolls
 e - 12 scrolls of teleportation
 o - 7 scrolls of remove curse
 s - a scroll of vulnerability {!r!r}
 x - 2 scrolls of fog
 z - 3 scrolls of enchant armour
 I - 3 scrolls of enchant weapon
 N - 4 scrolls of fear
 X - 2 scrolls of magic mapping {!r}
Potions
 j - 11 potions of curing
 l - 10 potions of might
 m - 3 potions of berserk rage {!q}
 n - 7 potions of haste
 q - 5 potions of mutation {!q!q}
 r - 4 potions of lignification {!q}
 u - 2 potions of agility
 v - 6 potions of heal wounds
 y - 5 potions of flight
 E - 2 potions of invisibility
 J - 3 potions of resistance
 P - 2 potions of ambrosia
 Y - 4 potions of brilliance
Miscellaneous
 W - a lightning rod (4/4)
   (You found it on level 1 of the Lair of Beasts)
Comestibles
 d - 11 bread rations
 f - 13 fruits


   Skills:
 - Level 7.5 Fighting
 - Level 12.0 Short Blades
 - Level 6.0 Axes
 + Level 17.4 Dodging
 + Level 19.7 Stealth
 - Level 10.2 Spellcasting
 - Level 4.7 Conjurations
 - Level 10.0 Hexes
 - Level 4.5 Summonings
 - Level 3.3 Translocations
 - Level 4.8 Fire Magic
 - Level 1.0 Air Magic
 - Level 2.0 Poison Magic
 - Level 6.0 Invocations


You had 3 spell levels left.
You knew the following spells:

 Your Spells              Type           Power        Failure   Level  Hunger
a - Ensorcelled Hibernat  Hex/Ice        ######       1%          2    None
b - Spectral Weapon       Hex/Chrm       ######..     1%          3    None
c - Confuse               Hex            #######.     1%          3    None
d - Dazzling Spray        Conj/Hex       ######       1%          3    None
e - Tukima's Dance        Hex            #######.     1%          3    None
f - Summon Lightning Spi  Summ/Air       #####...     12%         4    None
g - Fireball              Conj/Fire      ######....   14%         5    ###....
h - Corona                Hex            #######      1%          1    None
i - Mephitic Cloud        Conj/Pois/Air  #####...     3%          3    None
A - Apportation           Tloc           ######       1%          1    None
B - Blink                 Tloc           N/A          1%          2    None
C - Regeneration          Chrm/Necr      ###.......   11%         3    None


Dungeon Overview and Level Annotations

Branches:
Dungeon (15/15)            Temple (1/1) D:4            Lair (6/6) D:10
 Shoals (0/4) Lair:3        Snake (0/4) Lair:2        Slime (0/5) Lair:6
    Orc (2/2) D:9          Vaults (0/5) D:14
    Elf: Orc:2       Depths: D:15

Altars:
Ashenzari
Cheibriados
Dithmenos
Elyvilon
Fedhas
Gozag
Hepliaklqana
Kikubaaqudgha
Makhleb
Nemelex Xobeh
Okawaru
Qazlal
Ru
Sif Muna
Trog
Uskayaw
Vehumet
Xom
Yredelemnul
Zin
The Shining One
Jiyva

Shops:
D:9 (   Orc:2 *%

Annotations:
D:4 Menkaure
Lair:2 exclusions: electric eel and 4 oklob plants
Lair:3 Rupert


Innate Abilities, Weirdness & Mutations

You are very small and have problems with some larger weapons.
You are too small for most types of armour.
You have supernaturally acute eyesight. (SInv)
You are a herbivore.
You cover ground extremely quickly.
You need consume almost no food.


Message History

Unknown command.
Casting: Ensorcelled Hibernation
Confirm with . or Enter, or press ? or * to list all spells.
Aiming: Ensorcelled Hibernation
Press: ? - help, Shift-Dir - straight line, f - orc high priest
Aim: an orc high priest, wielding a battleaxe and wearing a leather armour (chance to defeat MR: 37%)
You feel a surge of power!
The orc high priest easily resists.
The orc high priest prays to Beogh.
Things that are here:
a plate armour; a hand axe
Casting: Ensorcelled Hibernation
Confirm with . or Enter, or press ? or * to list all spells.
Aiming: Fireball
Press: ? - help, Shift-Dir - straight line, f/p - orc high priest
Aim: an orc high priest, wielding a battleaxe and wearing a leather armour You feel a surge of power!
The fireball explodes!
The fireball engulfs the orc high priest.
The fireball engulfs the torturous demonspawn.
You are feeling very hungry.
You hear a shout! x3
Casting: Fireball
Confirm with . or Enter, or press ? or * to list all spells.
Aiming: Fireball
Press: ? - help, Shift-Dir - straight line, f/p - orc high priest
Aim: an orc high priest, wielding a battleaxe and wearing a leather armour (moderately wounded)
You feel a surge of power!
The fireball explodes!
The fireball engulfs the orc high priest. x2
The orc high priest mumbles some strange prayers to Beogh.
The orc high priest invokes the aid of Beogh against you.
Beogh smites you!
The hellwing swoops through the air toward you!
The hellwing closely misses you. The hellwing completely misses you.
Casting: Fireball
Confirm with . or Enter, or press ? or * to list all spells.
Aiming: Fireball
Press: ? - help, Shift-Dir - straight line, f/p - orc high priest
Aim: an orc high priest, wielding a battleaxe and wearing a leather armour (severely wounded)
You feel a surge of power!
You miscast Fireball.
Sif Muna protects you from the effects of your miscast!
The orc high priest utters an invocation to Beogh.
The orc high priest calls upon Beogh to heal the orc high priest.
The orc high priest is healed somewhat.
The hellwing hits you. The hellwing closely misses you.
An infernal demonspawn comes into view. It is wielding a demon blade.
Things that are here:
a runed robe; a dagger
Casting: Fireball
Confirm with . or Enter, or press ? or * to list all spells.
Aiming: Fireball
Press: ? - help, Shift-Dir - straight line, f/p - orc high priest
Aim: an orc high priest, wielding a battleaxe and wearing a leather armour (severely wounded)
You feel a surge of power!
The fireball explodes!
The fireball engulfs the orc high priest.
The orc high priest mumbles some strange prayers to Beogh against you.
Beogh smites you!
Casting: Fireball
Confirm with . or Enter, or press ? or * to list all spells.
Aiming: Fireball
Press: ? - help, Shift-Dir - straight line, f/p - orc high priest
Aim: an orc high priest, wielding a battleaxe and wearing a leather armour (almost dead)
You feel a surge of power!
You miscast Fireball.
Sif Muna protects you from the effects of your miscast!
The hellwing completely misses you. x2
You hit the orc high priest.
The orc high priest calls down the wrath of Beogh upon you.
Beogh smites you!
Things that are here:
an enchanted great sword; a plate armour; an orc corpse
Press: ? - help, v - describe, . - travel
Here: an orc high priest, wielding a battleaxe and wearing a leather armour (almost dead)
The floor.
Unknown command.
Unknown command.
Casting: Fireball
Confirm with . or Enter, or press ? or * to list all spells.
Aiming: Dazzling Spray
Press: ? - help, Shift-Dir - straight line, f/p - orc high priest
Aim: an orc high priest, wielding a battleaxe and wearing a leather armour (almost dead)
You feel a surge of power!
The spray of energy misses the orc high priest.
The spray of energy hits the sun demon.
The sun demon is dazzled.
The spray of energy hits the hellwing.
The orc high priest utters an invocation to Beogh.
The hellwing closely misses you. The hellwing completely misses you.
The sixfirhy completely misses you. The sixfirhy closely misses you. x2
The orc high priest prays to Beogh.
The orc high priest is healed somewhat.
The sixfirhy closely misses you. The sixfirhy barely misses you.
The hellwing swoops through the air toward you!
The hellwing hits you!
* * * LOW HITPOINT WARNING * * *
The hellwing misses you. The hellwing completely misses you. x2
Casting: Dazzling Spray
Confirm with . or Enter, or press ? or * to list all spells.
You feel a surge of power!
Your skin crawls.
The sixfirhy hits you!
* * * LOW HITPOINT WARNING * * *
The sixfirhy shocks you!
You die...

##.###.....#
##∩.∩###.....
##.....###...#
##..#.#..###.#.
##........(####.
##[..#.#.#)[[###.
##..........[).###
##.3#4#..)..#(#[.##
#[@##3[..#....##[[#
#..###...###)..###[(
#..###.3.##
##...###.
#..###..o## ##...###
...###3..## ##...##
...###.o.## ##...#
..###[#o##. .##.#.
## #...##66# #..##).
##.#.##..# #..##.#.


You could see a sixfirhy.

Vanquished Creatures
  An orc warlord (Orc:1)
  Snorg (Lair:3)
  A minotaur (Lab)
  A vault guard (D:14)
  4 hydras
  2 catoblepae
  5 centaur warriors
  7 death yaks
  An orc high priest (Orc:2)
  5 two-headed ogres
  2 sun demons
  2 unseen horrors
  A wizard (D:14)
  Pikel (D:6)
  A wolf spider zombie (D:14)
  5 orc knights
  3 wolf spiders
  A cyclops (D:13)
  6 ugly things
  2 manticores
  4 orc sorcerers
  3 deep elf magi
  A salamander (D:15)
  7 black mambas
  2 merfolk sirens (Lair:3)
  2 ice statues (IceCv)
  A water nymph (shapeshifter) (D:14)
  2 torpor snails
  2 orange demons (Orc:2)
  28 spiny frogs
  A rust devil (Orc:2)
  3 centaur zombies
  4 gargoyles
  6 komodo dragons
  3 rime drakes
  7 ice devils
  A troll (D:10)
  3 tyrant leeches (Lair:6)
  2 merfolk
  A hornet (D:9)
  4 polar bears
  A slime creature (D:15)
  Prince Ribbit (D:7)
  36 blink frogs
  9 hippogriffs
  11 dream sheep
  A vampire (D:13)
  4 wraiths
  8 wyverns
  64 yaks
  Eustachio (D:6)
  5 basilisks
  4 hungry ghosts
  6 vampire mosquitoes
  2 steam dragons
  3 nagas (Lair:2)
  11 wargs
  An acid dragon (D:12)
  Duvessa (D:4)
  11 porcupines
  9 water moccasins
  2 sky beasts
  25 orc warriors
  2 ice beasts
  A slave (D:6)
  3 eyes of draining
  2 black bears
  2 necrophages
  4 phantoms
  11 ogres
  15 wolves
  15 crocodiles
  18 centaurs
  3 big kobolds
  A gnoll sergeant (D:11)
  25 bullfrogs
  A wyvern zombie (D:10)
  Dowan (D:4)
  A wyvern skeleton (D:10)
  4 scorpions
  3 troll zombies (D:9)
  5 killer bees (D:10)
  14 wights
  2 vampire bats (D:6)
  2 electric eels
  A howler monkey (D:5)
  9 crimson imps
  A bullfrog zombie (D:11)
  A quasit (D:15)
  28 orc priests
  7 jellies
  4 hounds
  16 orc wizards
  7 iguanas
  12 worker ants
  A killer bee zombie (D:9)
  5 ogre zombies (D:9)
  3 hound skeletons
  Robin (D:2)
  3 worker ant zombies
  4 gnolls (D:11)
  2 river rats (Sewer)
  9 adders
  3 shadow imps
  5 white imps (IceCv)
  5 ufetubi (IceCv)
  An adder zombie (D:9)
  A worm (D:2)
  2 dart slugs
  7 leopard geckos
  70 orcs
  4 ball pythons
  9 giant cockroaches
  15 goblins
  5 hobgoblins
  11 jackals
  4 quokkas
  14 bats
  12 frilled lizards
  A giant cockroach zombie (D:5)
  A goblin skeleton (D:9)
  2 goblin zombies (D:9)
  A hobgoblin skeleton (D:9)
  2 hobgoblin zombies (D:9)
  18 kobolds
  A leopard gecko skeleton (D:8)
  4 orc skeletons (D:9)
  14 orc zombies (D:9)
  A quokka zombie (D:6)
  12 rats
  A fungus (Lair:2)
830 creatures vanquished.

Vanquished Creatures (collateral kills)
  A two-headed ogre (D:8)
  A fire elemental (D:15)
2 creatures vanquished.

Vanquished Creatures (others)
  A reaper (IceCv)
  A crimson imp (D:14)
  4 white imps (IceCv)
  7 ufetubi (IceCv)
  A bush (Lair:5)
  35 fungi
  67 plants
  2 spectral weapons
118 creatures vanquished.

Grand Total: 950 creatures vanquished

Notes
Turn   | Place    | Note
-------+----------+-------------------------------------------
     0 | D:1      | RKaid the Spriggan Enchanter began the quest for the Orb.
     0 | D:1      | Reached XP level 1. HP: 9/9 MP: 5/5
   292 | D:1      | Reached XP level 2. HP: 5/13 MP: 3/6
   659 | D:1      | Reached skill level 4 in Hexes
   828 | D:1      | Learned a level 2 spell: Ensorcelled Hibernation
   845 | D:1      | Reached skill level 5 in Stealth
  1139 | D:1      | Reached XP level 3. HP: 16/16 MP: 5/8
  1570 | D:2      | Learned a level 3 spell: Confuse
  1629 | D:2      | Found a deep blue altar of Sif Muna.
  1778 | D:2      | You fall through a shaft!
  2034 | D:2      | Reached skill level 2 in Short Blades
  2241 | D:2      | Noticed Robin
  2263 | D:2      | Killed Robin
  2263 | D:2      | Reached XP level 4. HP: 6/21 MP: 4/9
  2379 | D:2      | HP: 5/21 [goblin/dagger[Robin] (6)]
  2735 | D:2      | Reached skill level 6 in Stealth
  3282 | D:3      | Reached skill level 3 in Spellcasting
  3282 | D:3      | Reached skill level 5 in Hexes
  3817 | D:3      | Noticed an ogre
  3831 | D:3      | Killed an ogre
  3831 | D:3      | Reached XP level 5. HP: 24/24 MP: 5/11
  3939 | D:3      | Found a shattered altar of Ashenzari.
  4020 | D:3      | Reached skill level 7 in Stealth
  4289 | D:2      | Became a worshipper of Sif Muna the Loreminder
  4489 | D:4      | Found a glowing silver altar of Zin.
  4500 | D:4      | Noticed Duvessa
  4501 | D:4      | Noticed Dowan
  4518 | D:4      | Noticed Menkaure
  4647 | D:4      | Found a staircase to the Ecumenical Temple.
  4657 | Temple   | Entered the Ecumenical Temple
  4858 | D:4      | Reached XP level 6. HP: 28/28 MP: 2/12
  4866 | D:4      | Reached skill level 6 in Hexes
  5147 | D:4      | Reached skill level 4 in Spellcasting
  5541 | D:4      | Found a shimmering altar of Xom.
  5850 | D:4      | Reached skill level 8 in Stealth
  6017 | D:4      | Reached XP level 7. HP: 14/32 MP: 14/14
  6344 | D:4      | Learned a level 3 spell: Dazzling Spray
  6348 | D:4      | Learned a level 3 spell: Tukima's Dance
  6357 | D:4      | Killed Duvessa
  6357 | D:4      | Reached skill level 7 in Hexes
  6374 | D:4      | Killed Dowan
  6374 | D:4      | Reached skill level 9 in Stealth
  6607 | D:5      | Entered Level 5 of the Dungeon
  6610 | D:5      | Reached * piety under Sif Muna
  6611 | D:5      | Reached skill level 5 in Spellcasting
  6637 | D:5      | Found a snail-covered altar of Cheibriados.
  6637 | D:5      | Found a burning altar of Makhleb.
  6710 | D:5      | Found a stormy altar of Qazlal.
  6866 | D:5      | Reached XP level 8. HP: 36/36 MP: 17/17
  6881 | D:5      | Reached skill level 8 in Hexes
  7087 | D:5      | Reached skill level 10 in Stealth
  7715 | D:6      | Noticed Eustachio
  7723 | D:6      | Killed Eustachio
  7723 | D:6      | Reached skill level 1 in Fighting
  7723 | D:6      | Reached skill level 3 in Short Blades
  7892 | D:6      | Found a glowing drain.
  7937 | Sewer    | Entered a sewer
  8006 | Sewer    | Reached skill level 11 in Stealth
  8431 | D:6      | Reached skill level 1 in Conjurations
  8732 | D:6      | Reached skill level 2 in Fighting
  8769 | D:6      | Found a shadowy altar of Dithmenos.
  8773 | D:6      | Reached skill level 4 in Short Blades
  9193 | D:6      | Noticed Pikel
  9203 | D:6      | Killed Pikel
  9203 | D:6      | Reached skill level 12 in Stealth
  9203 | D:6      | Reached skill level 2 in Conjurations
  9203 | D:6      | Reached XP level 9. HP: 39/43 MP: 18/18
  9406 | D:7      | Noticed Prince Ribbit
  9421 | D:7      | Killed Prince Ribbit
  9981 | D:7      | Learned a level 2 spell: Blink
  9985 | D:7      | Learned a level 3 spell: Mephitic Cloud
 10003 | D:7      | Reached skill level 3 in Fighting
 10003 | D:7      | Reached skill level 5 in Short Blades
 10003 | D:7      | Reached skill level 13 in Stealth
 10176 | D:8      | Found a sacrificial altar of Ru.
 10180 | D:8      | Found an iron altar of Okawaru.
 10359 | D:8      | Reached ** piety under Sif Muna
 10492 | D:8      | Noticed a two-headed ogre
 10518 | D:8      | Killed a two-headed ogre
 10518 | D:8      | Reached skill level 4 in Fighting
 10518 | D:8      | Reached skill level 6 in Spellcasting
 10542 | D:8      | Reached skill level 6 in Short Blades
 10856 | D:8      | Reached skill level 1 in Air Magic
 11078 | D:8      | Reached XP level 10. HP: 50/50 MP: 21/21
 11098 | D:8      | Found a white marble altar of Elyvilon.
 11289 | D:8      | Reached skill level 7 in Spellcasting
 11930 | D:9      | Found an opulent altar of Gozag.
 12048 | D:9      | Found a blossoming altar of Fedhas.
 12083 | D:9      | Reached skill level 7 in Short Blades
 12266 | D:9      | Reached skill level 5 in Fighting
 12321 | D:9      | Found a staircase to the Orcish Mines.
 12377 | D:9      | Reached skill level 4 in Dodging
 12420 | D:9      | Reached skill level 1 in Translocations
 12775 | D:9      | Found a glowing golden altar of the Shining One.
 12878 | D:9      | Reached skill level 2 in Translocations
 12965 | D:9      | Identified a scroll of acquirement
 13023 | D:9      | Reached skill level 5 in Dodging
 13148 | D:9      | Found Puyriah's Antique Weapon Shoppe.
 13300 | D:9      | Reached skill level 3 in Translocations
 13415 | D:9      | Reached *** piety under Sif Muna
 13494 | D:9      | Reached skill level 1 in Poison Magic
 13891 | D:9      | Reached skill level 6 in Dodging
 13906 | D:10     | Entered Level 10 of the Dungeon
 13933 | D:10     | You fall through a shaft for 3 floors!
 13940 | D:13     | Noticed a two-headed ogre
 14033 | D:13     | Noticed a centaur warrior
 14079 | D:11     | Reached skill level 2 in Poison Magic
 14090 | D:11     | Reached skill level 8 in Short Blades
 14198 | D:11     | Got a pitted copper ring
 14234 | D:11     | Noticed a cyclops
 14449 | D:11     | Chiseanne: !beem
 14450 | D:11     | beem: I'm a bot that sends commands to the DCSS IRC knowledge bots. For details, see https://github.com/gammafunk/beem/blob/master/docs/commands.md and to have me watch your games on this server, type: !subscribe
 14456 | D:11     | Chiseanne: !subscribe
 14456 | D:11     | beem: Subscribed. I will now watch all games of user Chiseanne
 14475 | D:11     | Reached skill level 6 in Fighting
 14475 | D:11     | Reached XP level 11. HP: 51/56 MP: 23/23
 14503 | D:11     | Noticed a brown ugly thing
 14565 | D:10     | Found a white marble altar of Elyvilon.
 14582 | D:10     | Identified the ring of Insomnia {rCorr rC- rN++ Int+5} (You found it on level 11 of the Dungeon)
 14596 | D:10     | Reached skill level 7 in Dodging
 15112 | D:10     | Noticed a two-headed ogre
 15119 | D:10     | Killed a two-headed ogre
 15173 | D:10     | Reached skill level 9 in Hexes
 15205 | D:10     | Reached skill level 8 in Dodging
 15325 | D:10     | Found a staircase to the Lair.
 15765 | D:10     | Reached skill level 14 in Stealth
 15894 | D:10     | Reached skill level 9 in Dodging
 16009 | D:10     | Reached **** piety under Sif Muna
 16479 | Lair:1   | Entered Level 1 of the Lair of Beasts
 16606 | Lair:1   | Reached skill level 10 in Hexes
 16619 | Lair:1   | Reached skill level 10 in Dodging
 16621 | Lair:1   | Reached skill level 9 in Short Blades
 16926 | Lair:1   | Found a shadowy altar of Dithmenos.
 17108 | Lair:1   | Reached skill level 1 in Invocations
 17217 | Lair:1   | Reached XP level 12. HP: 61/61 MP: 24/24
 17228 | Lair:1   | Reached skill level 11 in Dodging
 17233 | Lair:1   | Reached skill level 2 in Invocations
 17543 | Lair:2   | Found a staircase to the Snake Pit.
 17620 | Lair:2   | Reached skill level 10 in Short Blades
 17746 | Lair:2   | Reached skill level 3 in Invocations
 18115 | Lair:2   | Reached skill level 8 in Spellcasting
 18472 | Lair:2   | Got a brightly glowing cloak
 18558 | Lair:2   | Reached skill level 4 in Invocations
 18808 | Lair:2   | Reached skill level 7 in Fighting
 19214 | Lair:2   | Reached skill level 5 in Invocations
 19268 | Lair:2   | Reached ***** piety under Sif Muna
 19268 | Lair:2   | Identified Sif Muna's Handbook of Sinister Magic (Sif Muna gifted it to you on level 2 of the Lair of Beasts)
 19268 | Lair:2   | Received a gift from Sif Muna
 19268 | Lair:2   | Reached skill level 9 in Spellcasting
 19319 | Lair:3   | Noticed a seven-headed hydra
 19522 | Lair:3   | Noticed Rupert
 19551 | Lair:3   | Got an encrusted war axe
 19668 | Lair:3   | Killed a seven-headed hydra
 19857 | Lair:3   | Noticed a death yak
 19901 | Lair:4   | Noticed a death yak
 20182 | Lair:4   | Reached skill level 6 in Invocations
 20356 | Lair:4   | Noticed a five-headed hydra
 20363 | Lair:4   | Killed a five-headed hydra
 20363 | Lair:4   | Reached skill level 15 in Stealth
 20363 | Lair:4   | Reached skill level 10 in Spellcasting
 20437 | Lair:3   | Noticed a death yak
 20438 | Lair:3   | Noticed a death yak
 20439 | Lair:3   | Noticed a death yak
 20451 | Lair:3   | Noticed a death yak
 20502 | Lair:3   | Killed a death yak
 20502 | Lair:3   | Reached XP level 13. HP: 54/67 MP: 17/28
 21115 | Lair:3   | Identified the +1 cloak of Dim Light {rCorr} (You found it on level 2 of the Lair of Beasts)
 21122 | Lair:3   | Found a staircase to the Shoals.
 21298 | Lair:3   | Noticed Snorg
 21346 | Lair:3   | Killed Snorg
 21346 | Lair:3   | Reached skill level 12 in Dodging
 22181 | Lair:2   | Learned a level 5 spell: Fireball
 22221 | Lair:3   | Reached skill level 16 in Stealth
 22269 | Lair:3   | Reached skill level 1 in Fire Magic
 22599 | Lair:4   | Reached skill level 3 in Conjurations
 22750 | Lair:4   | Reached skill level 2 in Fire Magic
 23568 | Lair:4   | Reached skill level 13 in Dodging
 23583 | Lair:4   | Reached skill level 3 in Fire Magic
 24398 | Lair:5   | Reached skill level 4 in Conjurations
 24752 | Lair:5   | Reached skill level 4 in Fire Magic
 25378 | Lair:5   | Learned a level 1 spell: Apportation
 25385 | Lair:5   | Identified Sif Muna's Collected Works on Beguiling and Conjuration (Sif Muna gifted it to you on level 5 of the Lair of Beasts)
 25385 | Lair:5   | Received a gift from Sif Muna
 25396 | Lair:5   | Learned a level 3 spell: Spectral Weapon
 25635 | Lair:6   | Entered Level 6 of the Lair of Beasts
 25899 | Lair:6   | HP: 6/67 [spiny frog (19)]
 26069 | Lair:5   | Reached skill level 14 in Dodging
 26069 | Lair:5   | Reached XP level 14. HP: 68/72 MP: 21/29
 26852 | Lair:6   | Reached skill level 17 in Stealth
 27042 | Lair:6   | Reached skill level 11 in Short Blades
 27359 | Lair:6   | Reached skill level 15 in Dodging
 27632 | Lair:6   | Found a staircase to the Slime Pits.
 27636 | Lair:6   | Found a viscous altar of Jiyva.
 28285 | D:11     | Identified the +8 war axe of the Endless Expanse {flame, rElec} (You found it on level 3 of the Lair of Beasts)
 29301 | D:12     | Reached skill level 18 in Stealth
 29829 | Orc:1    | Entered Level 1 of the Orcish Mines
 29908 | Orc:1    | Found a frozen archway.
 29920 | IceCv    | Entered an ice cave
 30004 | IceCv    | RKaid: @??ice statue
 30004 | IceCv    | RKaid: ??ice statue
 30004 | IceCv    | beem: ice statue[1/2]: A frigid statue. It has a nasty spell set but is easily neutralised with rC. Don't get caught in freezing clouds trying to retreat!
 30008 | IceCv    | Reached skill level 12 in Short Blades
 30196 | IceCv    | Killed a reaper
 30610 | IceCv    | Reached skill level 1 in Axes
 30777 | IceCv    | Got a heavily runed crystal amulet
 30962 | Orc:1    | Noticed an orc warlord
 31166 | Orc:1    | Killed an orc warlord
 31166 | Orc:1    | Reached skill level 2 in Axes
 31194 | Orc:1    | Reached skill level 16 in Dodging
 31345 | Orc:1    | Identified Sif Muna's Collected Works on the Bewitching Escort (Sif Muna gifted it to you on level 1 of the Orcish Mines)
 31345 | Orc:1    | Received a gift from Sif Muna
 31665 | Orc:2    | Entered Level 2 of the Orcish Mines
 32054 | Orc:2    | Found Yla Neg's Food Shoppe.
 32512 | D:13     | Reached skill level 3 in Axes
 32561 | D:13     | Reached XP level 15. HP: 52/75 MP: 24/30
 33180 | D:14     | Identified the amulet of Wurchisu {+Fly rN+ Regen+} (You found it in an ice cave)
 33270 | D:14     | Reached skill level 4 in Axes
 33273 | D:14     | Found a gate to the Vaults.
 33645 | D:13     | Reached skill level 5 in Axes
 33765 | D:13     | Reached skill level 19 in Stealth
 34212 | D:14     | Reached skill level 4 in Summonings
 34212 | D:14     | Reached XP level 16. HP: 80/80 MP: 31/31
 34218 | D:14     | Learned a level 4 spell: Summon Lightning Spire
 34441 | D:15     | Entered Level 15 of the Dungeon
 34698 | D:15     | Found a labyrinth entrance.
 34729 | Lab      | Entered a labyrinth
 34981 | Lab      | Got an ancient hand crossbow
 35037 | D:15     | Learned a level 3 spell: Regeneration
 35383 | D:14     | Reached XP level 17. HP: 84/84 MP: 32/32
 35679 | D:9      | Identified the cursed +1 hand crossbow "Hydrabane" {freeze, MR+ Dex+4 SInv Stlth+} (You took it off a minotaur in a labyrinth)
 35800 | D:15     | Reached skill level 6 in Axes
 35984 | Orc:2    | Found Irepsiym's General Store.
 36090 | Orc:2    | Reached skill level 17 in Dodging
 36386 | Orc:2    | Bought a scroll of teleportation for 45 gold pieces
 37026 | Orc:2    | HP: 18/84 [hellwing[an orc high priest] (12)]
 37030 | Orc:2    | Slain by a sixfirhy

Skill      XL: |  1  2  3  4  5  6  7  8  9 10 11 12 13 14 15 16 17 |
---------------+----------------------------------------------------+-----
Hexes          | 4 5 6 7 8 10 | 10.0
Stealth        | 5 6 7 8 9 12 13 14 15 16 18 19 | 19.7
Short Blades   | 2 4 6 8 9 10 12 | 12.0
Spellcasting   | 3 4 5 6 7 10 | 10.2
Fighting       | 2 4 6 7 |  7.5
Conjurations   | 2 4 |  4.7
Air Magic      | 1 |  1.0
Dodging        | 6 10 11 14 16 17 | 17.4
Translocations | 3 |  3.3
Poison Magic   | 2 |  2.0
Invocations    | 1 6 |  6.0
Fire Magic     | 4 |  4.8
Axes           | 3 5 6 |  6.0
Summonings     | 4 |  4.5

Action                   |  1- 3 |  4- 6 |  7- 9 | 10-12 | 13-15 | 16-18 || total
-------------------------+-------+-------+-------+-------+-------+-------++-------
Melee: Dagger            |   129 |   252 |   275 |   207 |       |       ||   863
       Quick blade       |       |       |       |   488 |   718 |   135 ||  1341
       War axe           |       |       |       |       |    29 |    18 ||    47
 Fire: Hunting sling     |    17 |     8 |       |     1 |       |       ||    26
 Cast: Corona            |    13 |     5 |       |       |       |       ||    18
       Ensorcelled Hiber |     8 |    50 |    55 |   204 |   302 |    54 ||   673
       Confuse           |     1 |     7 |    14 |    56 |    52 |     4 ||   134
       Dazzling Spray    |       |       |     9 |    32 |    67 |     3 ||   111
       Tukima's Dance    |       |       |     6 |       |       |       ||     6
       Mephitic Cloud    |       |       |       |     3 |    10 |       ||    13
       Fireball          |       |       |       |       |    88 |    17 ||   105
       Blink             |       |       |       |       |     9 |     1 ||    10
       Spectral Weapon   |       |       |       |       |    11 |     5 ||    16
       Summon Lightning  |       |       |       |       |       |     4 ||     4
       Regeneration      |       |       |       |       |       |     2 ||     2
Invok: Divine Energy     |       |       |       |     1 |       |       ||     1
       Channel Magic     |       |       |       |       |     2 |       ||     2
Evoke: Wand              |       |       |       |     2 |       |     4 ||     6
  Use: Scroll            |     3 |       |    11 |    11 |    17 |     4 ||    46
       Potion            |       |       |       |       |     5 |     1 ||     6
 Stab: Sleeping          |    13 |    28 |    55 |   151 |   183 |    35 ||   465
       Confused          |     1 |       |    10 |    33 |    32 |     5 ||    81
       Distracted        |       |     1 |     2 |     3 |     6 |     2 ||    14
       Invisible         |       |       |     2 |     6 |    17 |       ||    25
  Eat: Fruit             |       |     2 |     2 |    11 |    16 |     2 ||    33
       Bread ration      |       |     1 |       |       |       |       ||     1
       Royal jelly       |       |       |       |       |     4 |       ||     4
Armor: Robe              |    23 |    21 |    36 |    15 |    21 |     4 ||   120
Dodge: Dodged            |   111 |   127 |   171 |   265 |   508 |   126 ||  1308

Table legend:
 A = Turns spent in this place as a percentage of turns spent in the entire game.
 B = Non-inter-level travel turns spent in this place as a percentage of non-inter-level travel turns spent in the entire game.
 C = Inter-level travel turns spent in this place as a percentage of turns spent in this place.
 D = Turns resting spent in this place as a percentage of non-inter-level travel turns spent in this place.
 E = Turns spent auto-exploring this place as a percentage of non-inter-level travel turns spent in this place.
 F = Non-inter-level travel turns spent in this place divided by the number of levels of this place that you've seen.
                   A       B       C       D       E      F
               +-------+-------+-------+-------+-------+----------------------
         Total | 100.0 | 100.0 |   0.4 |   3.8 |   3.2 | 517.3
       Dungeon |  52.4 |  52.3 |   0.5 |   3.3 |   4.4 | 487.3
        Temple |   0.2 |   0.2 |   3.8 |   0.0 |   4.0 |  25.0
          Lair |  31.9 |  31.9 |   0.3 |   4.7 |   2.1 | 743.2
  Orcish Mines |   9.1 |   9.2 |   0.1 |   2.6 |   1.6 | 640.0
     Labyrinth |   2.0 |   2.0 |   0.0 |   0.7 |   0.0 | 276.0
         Sewer |   1.3 |   1.3 |   0.0 |   2.2 |   4.4 | 181.0
      Ice Cave |   3.1 |   3.1 |   0.0 |   8.5 |   0.9 | 437.0
               +-------+-------+-------+-------+-------+----------------------

Table legend:
 A = Kills in this place as a percentage of kills in entire the game.
 B = Kills by you in this place as a percentage of kills by you in the entire game.
 C = Kills by friends in this place as a percentage of kills by friends in the entire game.
 D = Other kills in this place as a percentage of other kills in the entire game.
 E = Experience gained in this place as a percentage of experience gained in the entire game.
 F = Experience gained in this place divided by the number of levels of this place that you have seen.
                   A       B       C       D       E      F
               +-------+-------+-------+-------+-------+----------------------
         Total | 100.0 | 100.0 | 100.0 | 100.0 | 100.0 | 5118.4
       Dungeon |  54.5 |  54.4 | 100.0 |  50.0 |  36.6 | 3376.0
          Lair |  30.0 |  29.9 |   0.0 |  50.0 |  47.7 | 10983.8
  Orcish Mines |  11.1 |  11.2 |   0.0 |   0.0 |  11.8 | 8137.5
     Labyrinth |   0.5 |   0.5 |   0.0 |   0.0 |   1.7 | 2335.0
         Sewer |   1.8 |   1.8 |   0.0 |   0.0 |   0.0 |  54.0
      Ice Cave |   2.2 |   2.2 |   0.0 |   0.0 |   2.2 | 2989.0
               +-------+-------+-------+-------+-------+----------------------
